 Dungeon Crawl Stone Soup version 0.29.1-2-gbd0b4ee654 (webtiles) character file.

Game seed: 10787654371501997960

137 MisterFreud the Twirler (level 5, -1/38 HPs)
             Began as a Formicid Gladiator on Oct 28, 2022.
             Slain by Crazy Yiuf
             ... wielding a +4 quarterstaff of chaos
              (11 damage)
             ... on level 3 of the Dungeon.
             The game lasted 00:02:38 (3313 turns).

MisterFreud the Twirler (Formicid Gladiator)        Turns: 3313, Time: 00:02:39

Health: -1/38      AC:  3    Str: 20    XL:     5   Next: 44%
Magic:  5/5        EV: 12    Int:  8    God:
Gold:   101        SH:  0    Dex: 15    Spells: 4/4 levels left

rFire   . . .      SeeInvis +   a - +0 quarterstaff
rCold   . . .      Faith    .   (no shield)
rNeg    . . .      Spirit   .   b - +0 leather armour
rPois   .          Reflect  .   (helmet unavailable)
rElec   .          Harm     .   (no cloak)
rCorr   .          Rampage  .   (no gloves)
Will    .....                   (no boots)
Stlth   +.........              (no amulet)
HPRegen 0.12/turn               (no ring)
MPRegen 0.09/turn               (no ring)

@: no status effects
A: permanent stasis, dig shafts and tunnels, antennae 3, four strong arms
a: Dig, Shaft Self


You were on level 3 of the Dungeon.
You visited 1 branch of the dungeon, and saw 4 of its levels.

You collected 191 gold pieces.
You spent 90 gold pieces at shops.

Inventory:

Hand Weapons
 a - a +0 quarterstaff (weapon)
Missiles
 c - 3 throwing nets (quivered)
 d - a javelin
 e - 2 poisoned darts
Armour
 b - a +0 leather armour (worn)
Scrolls
 f - a scroll of poison {unknown}
 g - 7 scrolls of identify {unknown}
 h - a scroll of enchant weapon {unknown}
 i - a scroll of blinking {unknown}
 m - 3 scrolls of teleportation {unknown}
 p - a scroll of enchant armour {unknown}
 q - 2 scrolls of butterflies {unknown}
 t - a scroll of noise {unknown}
Potions
 j - 2 potions of resistance {unknown}
 k - 2 potions of lignification {unknown}
 l - a potion of degeneration {unknown}
 n - a potion of flight {unknown}
 o - a potion of heal wounds {unknown}
 r - a potion of mutation {unknown}
 s - 2 potions of curing
 u - a potion of haste {unknown}


   Skills:
 - Level 2.1 Fighting
 + Level 5.7 Staves
 - Level 2.0 Throwing
 - Level 2.6 Dodging


You had 4 spell levels left.
You didn't know any spells.
Your spell library contained the following spells:

 Spells                   Type           Power      Damage    Failure   Level
 Lesser Beckoning         Tloc           0%         N/A       83%         3
 Manifold Assault         Tloc           0%         N/A       100%        5
 Blink                    Tloc           Unusable   N/A       N/A         2

Dungeon Overview and Level Annotations

Branches:
Dungeon (4/15)
 Temple: D:4-7

Altars:
Gozag
Ru
Zin

Annotations:
D:3 Crazy Yiuf


Innate Abilities, Weirdness & Mutations

You cannot be hasted, slowed, berserked, paralysed or teleported.
You can dig through walls and to a lower floor.
You have a pair of large antennae on your head. (SInv)
Your four strong arms can wield two-handed weapons with a shield.


Message History

An adder is nearby!
You closely miss the adder. The adder barely misses you.
An adder is nearby!
You miss the adder. The adder closely misses you.
An adder is nearby!
You sock the adder!
The adder is severely wounded.
The adder closely misses you. The adder bites you.
An adder is nearby!
You hit the adder.
You kill the adder!
HP restored.
You see here an adder corpse.
You now have 101 gold pieces (gained 17).
u - a ruby potion No target in view!
Key pressed, stopping explore.
No target in view!
Key pressed, stopping explore.
No target in view!
Found a runed translucent door.
No target in view!
You sense a monster nearby.
No target in view!
You open the door.
Crazy Yiuf says, "Peeping!"
You sock Crazy Yiuf!
Crazy Yiuf is heavily wounded.
Crazy Yiuf hits you with a +4 quarterstaff of chaos!
Crazy Yiuf burns you.
You sock Crazy Yiuf!
Crazy Yiuf is almost dead.
Crazy Yiuf hits you with a +4 quarterstaff of chaos!
Crazy Yiuf freezes you.
* * * LOW HITPOINT WARNING * * *
You barely miss Crazy Yiuf.
Crazy Yiuf is almost dead.
Crazy Yiuf grits, "Tosser!"
Crazy Yiuf hits you with a +4 quarterstaff of chaos!
You die...

#.##.###.#.....# #.#.....
##.#..#.##.....###.#.####
##.##...............###
################.#...#
#..###.# ♣♣♣♣♣##..# #.#
### ♣♣♣.♣.P#.#(# #.#
#...#♣..♣.P.....# #.##
#...g@♣♣♣♣PP...÷# #...
#)..#♣♣ ♣♣P#...###.## ###
♣♣###.....## #####.##
#.####.## #......## { {
...#####.. .........
........#


You could see Crazy Yiuf.

Vanquished Creatures
  5 adders
  An ufetubus (D:4)
  2 worms (D:2)
  2 dart slugs
  An orc (D:3)
  6 bats
  8 endoplasms
  4 giant cockroaches
  6 goblins
  6 hobgoblins
  6 jackals
  6 quokkas
  4 ball pythons
  7 frilled lizards
  6 kobolds
  5 rats
75 creatures vanquished.

Vanquished Creatures (others)
  8 plants (D:1)
8 creatures vanquished.

Grand Total: 83 creatures vanquished

Notes
Turn   | Place    | Note
-------+----------+-------------------------------------------
     0 | D:1      | MisterFreud the Formicid Gladiator began the quest for the
                  | Orb.
     0 | D:1      | Reached XP level 1. HP: 16/16 MP: 1/1
   189 | D:1      | Reached XP level 2. HP: 22/22 MP: 2/2
   259 | D:1      | Found a faded altar of an unknown god.
   630 | D:1      | Reached skill level 4 in Staves
   630 | D:1      | Reached XP level 3. HP: 15/27 MP: 3/3
  1558 | D:2      | Reached XP level 4. HP: 33/33 MP: 4/4
  1923 | D:2      | You fall into a shaft and drop 2 floors!
  1963 | D:4      | Found an opulent altar of Gozag.
  2002 | D:4      | Reached skill level 5 in Staves
  2281 | D:4      | Found Zin's Purification Station.
  2283 | D:4      | Found a glowing silver altar of Zin.
  2289 | D:4      | Bought a potion of curing for 90 gold pieces
  2368 | D:4      | Reached XP level 5. HP: 38/38 MP: 5/5
  3059 | D:2      | Found a sacrificial altar of Ru.
  3306 | D:3      | Found a runed translucent door.
  3307 | D:3      | Noticed Crazy Yiuf
  3313 | D:3      | Slain by Crazy Yiuf

Illustrated notes

Levels and vault maps discovered:
D:1:      nicolae_arrival_memento_mori, layout_loops_ring,
          dilly_ecumenical_altar_fadedgnrine
D:2:      layout_loops_ring, basic_altar, nrook_loot_triangle
D:3:      layout_loops_ring, cheibrodos_worm_habitat,
          corexii_item_surrounded_by_moat, uniq_crazy_yiuf_cottage
D:4:      layout_loops_ring, lemuel_crystal_altar, zin_purify,
          old_standard_altar

Skill      XL: |  1  2  3  4 |
---------------+-------------+-----
Staves         | 4 5 |  5.7
Fighting       | |  2.1
Throwing       | |  2.0
Dodging        | |  2.6

Action                   |  1- 3 |  4- 6 || total
-------------------------+-------+-------++-------
Melee: Quarterstaff      |   105 |   119 ||   224
       Punch             |     1 |     1 ||     2
  Use: Scroll            |     1 |       ||     1
 Stab: Sleeping          |       |     2 ||     2
Armor: Leather armour    |    15 |    33 ||    48
Dodge: Dodged            |    65 |    61 ||   126
